[Event "Silicon Valley Fall op"]
[Site "Sunnyvale USA"]
[Date "2023.09.04"]
[Round "8.9"]
[White "Gedajlovic, Max"]
[Black "Mikaelyan, Arman"]
[Result "1/2-1/2"]
[ECO "A50"]
[WhiteElo "2403"]
[BlackElo "2529"]
[PlyCount "68"]
[EventDate "2023.08.31"]
[EventType "swiss"]
[EventRounds "9"]
[EventCountry "USA"]
[Source "ChessMix"]
[SourceDate "2023.09.10"]
[TimeControl "5400+30"]

1. d4 Nf6 2. c4 e6 3. Bf4 d5 4. cxd5 exd5 5. e3 Bb4+ 6. Nc3 O-O 7. Bd3 c5 8. dxc5 Nbd7 9. Nge2 Nxc5 10. Bc2 b6 11. O-O Ba6 12. Na4 Nxa4 13. Bxa4 d4 14. a3 Bd6 15. Re1 dxe3 16. fxe3 Bxf4 17. exf4 Qe7 18. Nd4 Qd6 19. Qd2 Rad8 20. Rad1 Nh5 21. Re5 g6 22. Qe3 Qf6 23. g3 Ng7 24. b4 Rd6 25. Rc1 Bb7 26. Nb5 Rc6 27. Nxa7 Rxc1+ 28. Qxc1 Qd8 29. Nc6 Bxc6 30. Bxc6 Qd4+ 31. Qe3 Qd1+ 32. Qe1 Qd4+ 33. Qe3 Qd1+ 34. Qe1 Qd4+ 1/2-1/2

[Event "Silicon Valley Fall op"]
[Site "Sunnyvale USA"]
[Date "2023.09.04"]
[Round "9.7"]
[White "Antipov, Mikhail Al"]
[Black "Gedajlovic, Max"]
[Result "1-0"]
[ECO "C55"]
[WhiteElo "2600"]
[BlackElo "2403"]
[PlyCount "71"]
[EventDate "2023.08.31"]
[EventType "swiss"]
[EventRounds "9"]
[EventCountry "USA"]
[Source "ChessMix"]
[SourceDate "2023.09.10"]
[TimeControl "5400+30"]

1. e4 e5 2. Nf3 Nc6 3. Bc4 Nf6 4. d3 h6 5. h3 d6 6. a4 g6 7. Nc3 Bg7 8. a5 a6 9. O-O O-O 10. Re1 Kh7 11. Be3 Be6 12. Bxe6 fxe6 13. Ne2 Nh5 14. c3 Qd7 15. Ng3 Nxg3 16. fxg3 Ne7 17. b4 Rfb8 18. g4 b5 19. g5 h5 20. Ra2 d5 21. Bc5 Nc6 22. Rf2 d4 23. c4 bxc4 24. Ref1 Qd8 25. dxc4 Nxb4 26. Qd2 Nc6 27. Nh4 Qe8 28. Rf7 Nd8 29. Re7 Qc6 30. Qf2 Qxc5 31. Rxg7+ Kxg7 32. Qf6+ Kh7 33. Qxg6+ Kh8 34. Qh6+ Kg8 35. g6 d3+ 36. Kh2 1-0

[Event "US Masters"]
[Site "Charlotte USA"]
[Date "2023.11.24"]
[Round "4.17"]
[White "Rodrigue-Lemieux, Shawn"]
[Black "Gedajlovic, Max"]
[Result "1-0"]
[ECO "A21"]
[WhiteElo "2492"]
[BlackElo "2407"]
[PlyCount "63"]
[EventDate "2023.11.24"]
[EventType "swiss"]
[EventRounds "9"]
[EventCountry "USA"]
[Source "ChessMix"]
[SourceDate "2023.12.01"]
[TimeControl "5400+30"]

1. c4 e5 2. Nc3 Bb4 3. Nd5 a5 4. e3 Nf6 5. Nf3 Nxd5 6. cxd5 Qe7 7. a3 Bd6 8. e4 c6 9. d4 exd4 10. Qxd4 f6 11. Be3 Na6 12. Rc1 O-O 13. Bd3 c5 14. Qc3 b6 15. O-O Nc7 16. Rfe1 a4 17. Qc2 Ba6 18. e5 Bxd3 19. exd6 Qe4 20. Qd1 Na6 21. Bxc5 Qxd5 22. Bxb6 Rfb8 23. Bc7 Rxb2 24. Qxa4 Bf5 25. Qd4 Qb7 26. h3 Rb5 27. Qc4+ Be6 28. Rxe6 dxe6 29. Qxe6+ Kh8 30. d7 Nxc7 31. Rxc7 Rb1+ 32. Ne1 1-0